 Dungeon Crawl Stone Soup version 0.27.1-33-g824d729ab1 (webtiles) character file.

Game seed: 15582198557671259957

17 thisisagoddream the Ruffian (level 2, -2/26 HPs)
             Began as a Ghoul Monk on Dec 15, 2021.
             Slain by a hobgoblin (3 damage)
             ... on level 2 of the Dungeon.
             The game lasted 00:05:27 (693 turns).

thisisagoddream the Ruffian (Ghoul Monk)             Turns: 693, Time: 00:05:29

Health: -2/26      AC:  2    Str: 14    XL:     2   Next: 62%
Magic:  1/1        EV: 12    Int:  5    God:
Gold:   27         SH:  0    Dex: 11    Spells: 1/1 levels left

rFire    . . .     SeeInvis .   c - +0 hand axe
rCold    + . .     Faith    .   (no shield)
rNeg     + + +     Spirit   .   a - +0 robe
rPois    ∞         Reflect  .   (no helmet)
rElec    .         Harm     .   (no cloak)
rCorr    .         Rampage  .   (no gloves)
Will     .....                  (no boots)
Stlth    ++........             (no amulet)
HPRegen  0.00/turn              (no ring)
MPRegen  0.07/turn              (no ring)

@: inhibited regen
A: claws 1, cold resistance 1, negative energy resistance 3, inhibited
regeneration, torment resistance 2
a: no special abilities


You were on level 2 of the Dungeon.
You visited 1 branch of the dungeon, and saw 2 of its levels.

You collected 27 gold pieces.

Inventory:

Hand Weapons
 c - a +0 hand axe (weapon)
Armour
 a - a +0 robe (worn)
Scrolls
 b - 2 scrolls of fear {unknown}
 e - a scroll of immolation {unknown}
Potions
 d - 2 potions of heal wounds {unknown}


   Skills:
 + Level 3.5 Fighting
 + Level 2.9 Dodging
 + Level 2.2 Stealth
 + Level 3.8 Unarmed Combat


You had one spell level left.
You didn't know any spells.
Your spell library contained the following spells:

 Spells                   Type           Power      Damage    Failure   Level
 Sandblast                Erth           0%         2d4       47%         1
 Passwall                 Tmut/Erth      0%         N/A       63%         2
 Frozen Ramparts          Ice            0%         1d2       85%         3
 Ozocubu's Armour         Ice            0%         N/A       85%         3
 Freezing Cloud           Conj/Ice/Air   0%         6-21      100%        5
 Lee's Rapid Deconstruct  Erth           0%         3d5*      100%        5
 Ozocubu's Refrigeration  Ice            0%         4d5       100%        7


Dungeon Overview and Level Annotations

Branches:
Dungeon (2/15)

Altars:


Innate Abilities, Weirdness & Mutations

You thrive by killing the living.
You are immune to poison.
You have sharp fingernails.
Your flesh is cold resistant. (rC+)
You are immune to negative energy. (rN+++)
You do not regenerate when monsters are visible.
You are immune to unholy pain and torment.


Message History

You feel better.
You barely miss the goblin. The goblin misses you.
The goblin completely misses you.
You hit the hobgoblin.
The hobgoblin is severely wounded.
You hit the goblin. The goblin hits you with a +0 dagger.
The hobgoblin misses you.
You closely miss the hobgoblin.
The hobgoblin is severely wounded.
You hit the goblin.
You kill the goblin!
You feel better.
The hobgoblin hits you but does no damage.
The adder bites you.
You hit the adder.
The adder is moderately wounded.
You hit the hobgoblin but do no damage. The hobgoblin hits you.
The adder bites you. The hobgoblin completely misses you.
You hit the adder.
The adder is almost dead.
You barely miss the hobgoblin. The adder barely misses you.
The hobgoblin barely misses you. The adder bites you but does no damage.
You barely miss the adder.
The adder is almost dead.
You barely miss the hobgoblin. The adder closely misses you.
The hobgoblin hits you. The adder closely misses you.
You miss the adder.
The adder is almost dead.
You closely miss the hobgoblin. The hobgoblin barely misses you.
The adder bites you.
* * * LOW HITPOINT WARNING * * *
The hobgoblin hits you.
* * * LOW HITPOINT WARNING * * *
You hit the adder.
The adder is almost dead.
You barely miss the hobgoblin. The adder bites you.
* * * LOW HITPOINT WARNING * * *
The adder bites you.
* * * LOW HITPOINT WARNING * * *
The hobgoblin hits you.
You die...

.# .# #####.#####
..#......# # ####.#..#
#.# .####
..##.#..###.#######.....
#<......#..............#
####.#.##.#.....))..#..#
#.#.##.#..##.@S......
..#..........g....#.#
####.##.#####........#
#.##.# #......... #.##.#
#.#......# #.##.#
#.....#### #.##.#
#.#..... #.....
..#.....# ####.#
#.#.....#


You could see an adder and a hobgoblin.

Vanquished Creatures
  2 endoplasms (D:1)
  2 giant cockroaches (D:1)
  3 hobgoblins (D:1)
  6 goblins
  A rat (D:1)
14 creatures vanquished.

Vanquished Creatures (others)
  10 fungi (D:1)
  12 plants (D:1)
22 creatures vanquished.

Grand Total: 36 creatures vanquished

Notes
Turn   | Place    | Note
-------+----------+-------------------------------------------
     0 | D:1      | thisisagoddream the Ghoul Monk began the quest for the Orb.
     0 | D:1      | Reached XP level 1. HP: 19/19 MP: 0/0
   273 | D:1      | Reached XP level 2. HP: 20/26 MP: 1/1
   309 | D:1      | Got the Compendium of the Frostbite
   693 | D:2      | HP: 1/26 [adder (1)]
   693 | D:2      | Slain by a hobgoblin

Illustrated notes

Levels and vault maps discovered:
D:1:      wander_arrival_fairy_ring, layout_loops_ring
D:2:      layout_loops_cross, shapermc_ecumenical_altar_rom_forum

Action                   || total
-------------------------++-------
Melee: Unarmed           ||   119
       Punch             ||     5
       Hand axe          ||    29
 Stab: Sleeping          ||     2
Armor: Robe              ||     9
Dodge: Dodged            ||    29
